 Dungeon Crawl Stone Soup version 0.25.0-3-gd7cc5688da (console) character file.

Game seed: 14584064942182579483

1098 Garrluk the Conjurer (level 8, -2/74 HPs)
             Began as an Ogre Wizard on June 15, 2020.
             Killed by divine providence
             ... invoked by an orc priest
              (9 damage)
             ... on level 6 of the Dungeon.
             The game lasted 00:15:55 (6086 turns).

Garrluk the Conjurer (Ogre Wizard)                  Turns: 6086, Time: 00:15:56

Health: -2/74      AC:  3    Str: 16    XL:     8   Next: 32%
Magic:  5/18       EV:  1    Int: 21    God:
Gold:   204        SH:  0    Dex: -4 (3) Spells: 9/20 levels left

rFire    . . .     SeeInvis +   s - +2 spear (venom)
rCold    . . .     Gourm    .   (no shield)
rNeg     . . .     Faith    .   a - +0 robe
rPois    +         Spirit   .   b - +0 hat
rElec    +         Reflect  .   (no cloak)
rCorr    .         Harm     .   (gloves unavailable)
MR       .....                  (boots unavailable)
Stlth    ..........             k - amulet of regeneration
HPRegen  0.62/turn              t - ring of see invisible
MPRegen  0.16/turn              x - ring of Uxziucamn {+Fly rElec rPois Str+4 Dex-4}

@: slowed, lost dexterity, very slow
A: large, unfitting armour, tough skin 1
a: Evoke Flight


You were on level 6 of the Dungeon.
You were not hungry.

You visited 1 branch of the dungeon, and saw 6 of its levels.

You collected 204 gold pieces.

Inventory:

Hand Weapons
 i - a +2 dagger of holy wrath
 l - a +0 short sword of venom
 s - a +2 spear of venom (weapon)
 z - a +0 giant spiked club
Armour
 a - a +0 robe (worn)
 b - a +0 hat (worn)
 y - a +0 tower shield
Jewellery
 e - an uncursed ring of fire
 g - an uncursed ring of teleportation
 k - an amulet of regeneration (around neck)
 t - a ring of see invisible (left hand)
 x - the ring of Uxziucamn (right hand) {+Fly rElec rPois Str+4 Dex-4}
   (You found it on level 4 of the Dungeon)

   [ring of poison resistance]

   It affects your strength (+4).
   It affects your dexterity (-4).
   It insulates you from electricity.
   It protects you from poison.
   It lets you fly.
 B - an uncursed amulet of magic regeneration
Scrolls
 c - a scroll of immolation {unknown}
 f - 4 scrolls of teleportation {unknown}
 h - 5 scrolls of identify
 n - 2 scrolls of remove curse
 p - a scroll of random uselessness {unknown}
 u - a scroll of amnesia {unknown}
 w - a scroll of fear {unknown}
Potions
 j - a potion of cancellation
 m - 3 potions of curing
 o - 2 potions of invisibility {unknown}
 q - a potion of resistance {unknown}
 r - a potion of stabbing {unknown}
 v - 2 potions of lignification {unknown}
Comestibles
 d - 6 rations


   Skills:
 + Level 2.7 Fighting
 - Level 1.7 Dodging
 - Level 1.4 Stealth
 + Level 6.8 Spellcasting
 * Level 6.9 Conjurations
 - Level 0.8 Summonings
 - Level 0.8 Translocations


You had 9 spell levels left.
You knew the following spells:

 Your Spells              Type           Power        Failure   Level  Hunger
a - Magic Dart            Conj           ####         1%          1    None
b - Blink                 Tloc           N/A          10%         2    None
c - Conjure Flame         Conj/Fire      ###.....     6%          3    #......
d - Mephitic Cloud        Conj/Pois/Air  ###.....     11%         3    #......
e - Call Imp              Summ           ##......     10%         2    None

Your spell library contained the following spells:

 Spells                   Type           Power        Failure   Level  Hunger
 Slow                     Hex            #.......     14%         2    None


Dungeon Overview and Level Annotations

Branches:
Dungeon (6/15)
 Temple: D:4-7

Altars:
Dithmenos
Hepliaklqana
Okawaru
Qazlal
Zin
The Shining One

Annotations:
D:4 3 runed translucent doors, Elizilla's ghost, novice FoFi; Froggeryz's ghost, novice GrFi; Yosebu's ghost, amateur HOMo


Innate Abilities, Weirdness & Mutations

You are too large for most types of armour.
You have tough skin. (AC +1)


Message History

The bullfrog is severely wounded.
The bullfrog is engulfed in noxious fumes.
The bullfrog appears confused.
The bullfrog hits you.
* * * LOW HITPOINT WARNING * * *
The bullfrog is engulfed in noxious fumes.
The bullfrog appears confused.
The bullfrog is engulfed in noxious fumes.
The bullfrog appears confused.
The bullfrog is engulfed in noxious fumes.
The bullfrog appears confused.
The orc wizard gestures at you while chanting.
You are confused.
It was a potion of curing.
You feel better.
The bullfrog is engulfed in noxious fumes.
The quokka zombie bites you.
* * * LOW HITPOINT WARNING * * *
The bullfrog hits you but does no damage.
The orc priest mumbles some strange prayers to Beogh against you.
Beogh smites you!
You die...

###....## ........###
......... #......#
#......# #......#
#......#
################.)....#
.......<.......Z.#.##.#
#.##..
..............@Fo.Z.#.#
#.#...
....#.......######o...#
#..... ### #.#.###.#
#.#..# #..... #.#.# #.#
#.#..# #..... #.#.###.#
#....####...≈≈ #
#.....# ##.....##..≈≈≈
####### #..##.##..≈≈≈
#...#.....≈≈≈
#.#.####..≈≈≈ #.#.
#...≈≈ #.#.####Z....


You could see a bullfrog (confused), an orc priest, an orc wizard, a quokka
zombie and a quokka skeleton.

Vanquished Creatures
  A sky beast (D:5)
  An orc warrior (D:6)
  An ice beast (D:5)
  2 ogres
  A scorpion (D:6)
  A quasit (D:6)
  2 bullfrog zombies (D:5)
  A jelly (D:5)
  An orc wizard (D:5)
  A hound (D:5)
  2 orc priests
  2 bullfrog skeletons (D:4)
  Natasha (thrice) (D:3)
  3 worker ants
  4 gnolls (D:3)
  4 adders
  2 oozes
  An adder skeleton (D:4)
  2 worms (D:3)
  A dart slug (D:1)
  3 leopard geckos
  9 orcs
  8 giant cockroaches
  4 goblins
  5 hobgoblins
  6 jackals (D:3)
  2 quokkas (D:2)
  14 bats
  2 frilled lizards
  A jackal skeleton (D:5)
  8 kobolds
  A leopard gecko skeleton (D:4)
  A leopard gecko zombie (D:6)
  6 rats
106 creatures vanquished.

Vanquished Creatures (others)
  2 withered plants (D:4)
2 creatures vanquished.

Grand Total: 108 creatures vanquished

Notes
Turn   | Place    | Note
-------+----------+-------------------------------------------
     0 | D:1      | Garrluk the Ogre Wizard began the quest for the Orb.
     0 | D:1      | Reached XP level 1. HP: 16/16 MP: 5/5
     0 | D:1      | Noticed a large abomination
     0 | D:1      | Noticed an orb of fire
     3 | D:1      | Noticed a tentacled monstrosity
     3 | D:1      | Noticed an ice dragon
     5 | D:1      | Noticed an iron dragon
     7 | D:1      | Noticed a red draconian
    10 | D:1      | Noticed an iron dragon
    10 | D:1      | Noticed an ice dragon
    12 | D:1      | Noticed a tentacled monstrosity
    14 | D:1      | Noticed a green draconian
    14 | D:1      | Noticed a large abomination
    16 | D:1      | Noticed a large abomination
    18 | D:1      | Noticed a shadow dragon
    21 | D:1      | Noticed an iron dragon
    36 | D:1      | Reached skill level 1 in Conjurations
   359 | D:1      | Reached XP level 2. HP: 24/24 MP: 3/6
   370 | D:1      | Learned a level 2 spell: Blink
   373 | D:1      | Learned a level 2 spell: Call Imp
   925 | D:1      | Reached XP level 3. HP: 31/31 MP: 5/8
  1483 | D:2      | Found a stormy altar of Qazlal.
  1495 | D:2      | Learned a level 3 spell: Mephitic Cloud
  1745 | D:2      | Found a glowing golden altar of the Shining One.
  1983 | D:2      | Found a shadowy altar of Dithmenos.
  2502 | D:3      | Noticed Natasha
  2506 | D:3      | Killed Natasha
  2506 | D:3      | Reached XP level 4. HP: 39/39 MP: 5/10
  2554 | D:3      | Noticed Natasha
  2562 | D:3      | Killed Natasha
  2575 | D:3      | Noticed Natasha
  2620 | D:3      | Reached XP level 5. HP: 22/45 MP: 7/12
  3273 | D:3      | Reached skill level 5 in Spellcasting
  3612 | D:3      | Learned a level 3 spell: Conjure Flame
  3668 | D:3      | Killed Natasha
  3668 | D:3      | Reached XP level 6. HP: 53/53 MP: 6/13
  4133 | D:4      | Got a clouded glass ring
  4134 | D:4      | Identified the ring of Uxziucamn {+Fly rElec rPois Str+4
                  | Dex-4} (You found it on level 4 of the Dungeon)
  4271 | D:4      | Reached skill level 5 in Conjurations
  4435 | D:4      | Found an iron altar of Okawaru.
  4435 | D:4      | Found a glowing silver altar of Zin.
  4672 | D:4      | Found a runed translucent gate.
  4673 | D:4      | Found a runed translucent gate.
  4674 | D:4      | Found a runed translucent gate.
  4675 | D:4      | Noticed Froggeryz's ghost (novice GrFi)
  4675 | D:4      | Noticed Elizilla's ghost (novice FoFi)
  4675 | D:4      | Noticed Yosebu's ghost (amateur HOMo)
  4821 | D:4      | Reached XP level 7. HP: 59/59 MP: 11/15
  4911 | D:5      | Entered Level 5 of the Dungeon
  5632 | D:5      | Reached skill level 1 in Fighting
  5735 | D:5      | Found a hazy altar of Hepliaklqana.
  5760 | D:5      | Reached XP level 8. HP: 43/71 MP: 13/17
  6068 | D:6      | Lost dexterity.
  6083 | D:6      | HP: 2/74 [bullfrog (6)]
  6086 | D:6      | Killed from afar by an orc priest

Illustrated notes

Levels and vault maps discovered:
D:1:      shiori_arrival_whats_in_store_for_you, layout_basic,
          minmay_misc_feat_plants
D:2:      layout_loops_corners, lemuel_doored_altar,
          nicolae_overflow_crystal_walls, lemuel_round_altar, first_ration
D:3:      layout_basic, uniq_natasha
D:4:      layout_cave_pods, gammafunk_temple_overflow_statue,
          gammafunk_ghost_cemetery, kennysheep_nub
D:5:      layout_loops_ring, kennysheep_little_box
D:6:      layout_basic, kennysheep_mini_moat, temple_pool_b,
          gammafunk_ghost_grave

Skill      XL: |  1  2  3  4  5  6  7  8 |
---------------+-------------------------+-----
Conjurations   | 1 2 3 4 5 6 |  6.9
Spellcasting   | 4 5 6 |  6.8
Fighting       | 1 2 |  2.7
Dodging        | |  1.7
Stealth        | |  1.4
Summonings     | |  0.8
Translocations | |  0.8

Action                   |  1- 3 |  4- 6 |  7- 9 || total
-------------------------+-------+-------+-------++-------
Melee: Dagger            |    38 |     9 |       ||    47
       Spear             |       |    18 |    47 ||    65
 Cast: Magic Dart        |    76 |   121 |    63 ||   260
       Mephitic Cloud    |       |     5 |     7 ||    12
       Conjure Flame     |       |     1 |     3 ||     4
       Call Imp          |       |       |     4 ||     4
  Use: Scroll            |     2 |       |     1 ||     3
       Potion            |       |       |     1 ||     1
 Stab: Sleeping          |     1 |       |       ||     1
       Confused          |       |       |     1 ||     1
  Eat: Chunk             |     5 |     6 |     2 ||    13
       Ration            |       |       |     1 ||     1
Armor: Robe              |    28 |    13 |    46 ||    87
Dodge: Dodged            |    41 |    40 |    41 ||   122
